 Dungeon Crawl Stone Soup version 0.18.1-48-g4cf74bf (webtiles) character file.

137190 Inkary the Black Belt (level 16, 0/163 HPs)
             Began as a Minotaur Monk on Sept 9, 2016.
             Was a High Priest of Qazlal.
             Slain by a kraken (31 damage)
             ... on level 3 of the Shoals.
             The game lasted 02:01:56 (27435 turns).

Inkary the Black Belt (Minotaur Monk)              Turns: 27435, Time: 02:01:56

Health: 0/163      AC: 17    Str: 20    XL:     16   Next: 68%
Magic:  24/24      EV: 26    Int:  6    God:    Qazlal [*****.]
Gold:   1497       SH: 22    Dex: 29    Spells: 3 memorised, 3 levels left

rFire  . . .     SeeInvis .       - Unarmed
rCold  + . .     Gourm    .     O - +2 troll leather armour
rNeg   . . .     Faith    .     f - +2 buckler {reflect}
rPois  .         Spirit   .     (helmet restricted)
rElec  +         Dismiss  .     w - +0 cloak "Dafriwur" {rElec rCorr Int-3 Dex+7}
rCorr  +         Reflect  +     W - +2 pair of gloves {Dex+3}
SustAt +         Harm     .     Q - +2 pair of boots {Fly}
MR     +....                    j - +4 amulet of reflection
Stlth  ++........               a - ring of the Vendetta {Str+3 Slay+3}
                                e - ring of sustain attributes

@: protected from physical damage, flying, repel missiles, somewhat resistant to
hostile enchantments, unstealthy
A: retaliatory headbutt, horns 2, clever 1, cold resistance 1, deterioration 1,
robust 1
a: Upheaval, Elemental Force, Disaster Area, Renounce Religion, Stop Flying


You were on level 3 of the Shoals.
You worshipped Qazlal.
Qazlal was extremely pleased with you.
You were not hungry.

You visited 6 branches of the dungeon, and saw 30 of its levels.
You also visited: Trove and Volcano.

You collected 3305 gold pieces.
You spent 1808 gold pieces at shops.

Inventory:

Missiles
 G - 7 throwing nets (quivered)
Armour
 f - a +2 buckler of reflection (worn)
 w - the +0 cloak "Dafriwur" (worn) {rElec rCorr Int-3 Dex+7}
   (You bought it in a shop on level 5 of the Dungeon)

   It affects your intelligence (-3).
   It affects your dexterity (+7).
   It insulates you from electricity.
   It protects you from acid and corrosion.
 O - a +2 troll leather armour (worn)
 Q - a +2 pair of boots of flying (worn)
 W - a +2 pair of gloves of dexterity (worn)
Jewellery
 a - the ring of the Vendetta (right hand) {Str+3 Slay+3}
   (You found it in a treasure trove)

   [ring of strength]

   It affects your strength (+3).
   It affects your accuracy and damage with ranged weapons and melee attacks
   (+3).
 c - an uncursed ring of see invisible
 e - a ring of sustain attributes (left hand)
 j - a +4 amulet of reflection (around neck)
 k - an uncursed amulet of faith
 l - the ring of the Butterfly {rPois MR++ Int+6 Dex+4 Slay-4}
   (You found it in a treasure trove)

   [ring of intelligence]

   It affects your intelligence (+6).
   It affects your dexterity (+4).
   It affects your accuracy and damage with ranged weapons and melee attacks
   (-4).
   It protects you from poison.
   It affects your resistance to hostile enchantments.
 K - the ring "Kotsumatz" {+Blink +Inv rN+++ EV+4 Dex-4}
   (You found it in a treasure trove)

   [ring of evasion]

   It affects your evasion (+4).
   It affects your dexterity (-4).
   It renders you almost immune to negative energy.
   It lets you turn invisible.
   It lets you blink.
Wands
 n - a wand of teleportation (5/9)
 B - a wand of hasting (1/9)
 F - a wand of digging (12/24)
 H - a wand of disintegration (11/24)
 R - a wand of hasting (6/9)
Scrolls
 d - 8 scrolls of identify
 p - 11 scrolls of magic mapping
 s - 5 scrolls of recharging
 u - 8 scrolls of remove curse
 y - 8 scrolls of teleportation
 E - 2 scrolls of summoning
 J - 2 scrolls of fog
 M - 4 scrolls of fear
 N - 2 scrolls of blinking
Potions
 g - 4 potions of might
 i - 4 potions of heal wounds
 r - 5 potions of curing
 x - 5 potions of haste
 z - 3 potions of agility
 A - 4 potions of resistance
 C - 2 potions of brilliance
 P - a potion of ambrosia
 U - a potion of berserk rage
 Z - a potion of cancellation
Miscellaneous
 h - a stone of tremors
 m - 3 phantom mirrors
 S - a disc of storms
 Y - a plain deck of summoning {the Pentagram}
Comestibles
 b - 15 bread rations
 o - 6 beef jerkies
 q - 6 chunks of flesh
 t - 9 meat rations
 v - 12 fruits
 D - 5 slices of pizza
 L - 10 royal jellies


   Skills:
 + Level 15.4 Fighting
 - Level 6.2 Armour
 - Level 11.9 Dodging
 - Level 4.9 Stealth
 - Level 15.0 Shields
 + Level 16.2 Unarmed Combat
 + Level 5.1 Transmutations
 - Level 4.0 Earth Magic
 + Level 12.7 Invocations


You had 3 spell levels left.
You knew the following spells:

 Your Spells              Type           Power        Failure   Level  Hunger
a - Statue Form           Trmt/Erth      #........    100%        6    #######
b - Apportation           Tloc           #.........   61%         1    ##.....
c - Alistair's Intoxicat  Trmt/Pois      #.......     100%        5    ######.


Dungeon Overview and Level Annotations

Branches:
Dungeon (15/15)            Temple (1/1) D:7            Lair (8/8) D:9
 Shoals (3/4) Lair:3        Snake (0/4) Lair:6        Slime (1/6) Lair:8
    Orc (2/2) D:10            Elf (0/3) Orc:2        Vaults (0/5) D:13
 Depths (0/5) D:15

Altars:
Ashenzari
Cheibriados
Dithmenos
Elyvilon
Fedhas
Gozag
Kikubaaqudgha
Makhleb
Nemelex Xobeh
Okawaru
Pakellas
Qazlal
Ru
Sif Muna
Trog
Vehumet
Xom
Yredelemnul
Zin
The Shining One
Beogh

Shops:
D:5 :}[   D:8 (   Orc:2 =(*[


Innate Abilities, Weirdness & Mutations

You reflexively headbutt those who attack you in melee.
You have a pair of horns on your head.
Your mind is acute. (Int +2)
Your flesh is cold resistant.
Your body sometimes deteriorates upon taking damage.
You are robust (+10% HP).


Message History

You headbutt the tentacle! The kraken bites you!! The tentacle slaps you.
You punch the kraken!
The kraken is almost dead.
You block the tentacle's attack. x2; The tentacle slaps you!!
A tentacle segment bursts forth from the water.
The tentacle slaps you but does no damage.
You block the tentacle's attack. The tentacle completely misses you.
The kraken squirts a massive cloud of ink into the water!
You hit the kraken.
You headbutt the kraken, but do no damage.
The kraken is almost dead.
The tentacle slaps you!
* * * LOW HITPOINT WARNING * * *
You feel more protected from physical attacks.
You block the tentacle's attack.
A tentacle segment bursts forth from the water.
The tentacle slaps you!
* * * LOW HITPOINT WARNING * * *
You block the tentacle's attack. The kraken bites you!!
You die...

≈≈≈≈≈≈≈≈≈≈≈≈≈≈≈≈
≈≈≈≈≈≈≈≈≈≈≈≈≈≈≈≈≈≈
≈≈≈≈≈≈≈≈≈≈≈≈≈≈≈≈≈≈
≈≈≈≈≈≈≈≈≈≈≈≈≈≈≈≈≈≈
≈≈≈≈≈≈≈≈≈≈≈≈≈≈≈≈≈≈≈§≈§≈≈
≈≈≈≈≈≈≈≈≈≈≈≈≈≈≈≈≈≈§§§≈≈≈
≈≈≈≈≈≈≈≈≈≈≈≈≈§§§§§§§≈≈≈≈
≈≈≈≈≈≈≈≈≈≈≈≈≈§§§w§§§≈≈≈≈
≈≈≈≈≈≈≈≈≈≈≈≈≈§≈§@X§≈≈≈≈≈
≈...≈≈≈≈≈≈≈≈≈≈≈www§≈≈≈≈≈
.....≈≈≈≈≈≈≈≈≈§§§§§§≈≈≈≈
.....≈≈≈≈≈≈≈≈≈≈≈≈≈§§§≈≈≈
##.....≈≈≈≈≈≈≈≈≈≈≈≈§≈≈≈≈
#####.≈≈≈≈≈≈≈≈≈≈≈≈≈≈≈≈≈
# #..≈≈≈≈≈≈≈≈≈≈≈≈≈≈≈≈ #
##..≈≈≈≈≈≈≈≈≈≈≈≈≈≈≈ #
#.≈≈≈≈≈≈≈≈≈≈≈≈≈


You could see a kraken and 4 tentacles.

Vanquished Creatures
  A kraken (Shoals:3)
  An azure jelly (Lair:8)
  Maud (D:13)
  2 orc warlords
  The ghost of Lovchig the Blocker, a journeyman MiFi (D:12)
  4 dire elephants (Lair:8)
  Snorg (D:13)
  Josephine (Lair:7)
  An ettin (D:15)
  3 merfolk impalers
  A vault guard (D:13)
  A fire dragon (D:15)
  7 hydras
  Fannar (Lair:2)
  2 catoblepae
  Erica (D:10)
  A merfolk avatar (Shoals:2)
  2 death knights
  2 ogre magi
  An anaconda (Lair:8)
  A centaur warrior (D:15)
  2 tengu warriors (D:15)
  8 death yaks
  4 orc high priests (Orc:2)
  A hell knight (D:15)
  A skeletal warrior (D:15)
  2 unseen horrors
  3 sea snakes
  A wizard (D:13)
  A lindwurm (Lair:7)
  3 phantasmal warriors
  Pikel (D:5)
  6 hill giants
  2 necromancers (D:13)
  4 orc sorcerers (Orc:2)
  4 orc knights
  7 ugly things
  3 fauns (Shoals:3)
  7 oklob plants
  A deep elf mage (D:14)
  4 harpies
  6 griffons
  4 cyclopes
  14 elephants
  5 sirens
  4 manticores
  Psyche (D:8)
  3 toenail golems (Volcano)
  2 black mambas
  8 water nymphs
  The ghost of Skwishie the Gouger, a novice FeMo of Ru (D:8)
  4 centaur skeletons
  A gargoyle (D:11)
  5 rime drakes
  17 spiny frogs
  An efreet (D:13)
  4 freezing wraiths
  6 komodo dragons
  A yaktaur (D:13)
  6 trolls
  15 merfolk
  A wind drake (Shoals:3)
  A tengu conjurer (D:13)
  A wind drake (shapeshifter) (D:14)
  A two-headed ogre (D:15)
  A polar bear (Lair:5)
  4 blink frogs (Lair:4)
  6 slime creatures
  A boulder beetle (Lair:8)
  7 snapping turtles
  Sigmund (D:4)
  7 wraiths
  3 water elementals
  25 humans
  2 basilisks
  Grum (Lair:1)
  37 yaks
  5 hungry ghosts
  A hog (shapeshifter) (D:15)
  10 vampire mosquitoes
  16 hippogriffs
  2 mottled dragons
  6 wargs
  Menkaure (D:5)
  2 soldier ants
  A giant eyeball (shapeshifter) (D:14)
  8 porcupines
  9 ice beasts
  A black bear (D:10)
  21 water moccasins
  3 sky beasts
  A swamp drake (D:9)
  4 wasps
  An eye of draining (D:8)
  39 orc warriors
  2 phantoms
  9 wolves
  12 centaurs
  10 ogres
  20 crocodiles
  3 big kobolds (D:8)
  A gnoll sergeant (Orc:2)
  26 giant frogs
  6 scorpions
  9 killer bees
  8 wights
  11 howler monkeys
  5 electric eels
  5 crimson imps
  A giant frog zombie (D:9)
  A wasp zombie (D:13)
  A jelly (Lair:8)
  A quasit (D:5)
  5 centaur zombies
  4 hounds
  30 orc wizards
  24 orc priests
  3 giant frog skeletons
  12 iguanas
  13 worker ants
  19 sheep
  A centaur simulacrum (D:12)
  A hound zombie (D:8)
  3 worker ant zombies
  10 adders
  14 gnolls
  57 river rats
  3 shadow imps
  An ooze (D:1)
  An adder zombie (D:7)
  3 worms
  3 dart slugs
  4 giant geckos
  98 orcs
  8 giant cockroaches
  3 hobgoblins
  13 jackals
  6 quokkas
  3 ball pythons
  7 bats
  2 giant gecko skeletons (D:5)
  A giant gecko zombie (D:5)
  2 giant newts
  9 goblins
  A jackal skeleton (D:4)
  12 kobolds
  A quokka skeleton (D:4)
  A quokka zombie (D:10)
  14 rats
  A bush (Lair:7)
  5 butterflies (D:7)
  56 fungi
  72 plants
  5 tentacles (Shoals:3)
1101 creatures vanquished.

Vanquished Creatures (collateral kills)
  An azure jelly (Lair:8)
  A hydra (Lair:8)
  A merfolk avatar (Shoals:3)
  A sea snake (Shoals:3)
  An orc knight (Orc:2)
  A shining eye (Lair:8)
  A komodo dragon (Lair:8)
  3 slime creatures (Lair:8)
  A warg (Orc:1)
  An orc warrior (Orc:2)
  2 orcs
14 creatures vanquished.

Vanquished Creatures (others)
  A tengu reaver (D:14)
  A centaur warrior (D:15)
  A death yak (Lair:7)
  A human (D:13)
  4 centaurs
  An orc wizard (Orc:2)
  A giant gecko (D:5)
  2 orcs
  25 fungi
  9 plants
  A tentacle (Shoals:3)
  302 tentacle segments (Shoals:3)
349 creatures vanquished.

Grand Total: 1464 creatures vanquished

Notes
Turn   | Place    | Note
--------------------------------------------------------------
     0 | D:1      | Inkary the Minotaur Monk began the quest for the Orb.
     0 | D:1      | Reached XP level 1. HP: 19/19 MP: 0/0
    68 | D:1      | Reached XP level 2. HP: 17/27 MP: 1/1
   619 | D:1      | Reached XP level 3. HP: 33/33 MP: 2/2
   934 | D:2      | Reached skill level 1 in Shields
  1261 | D:2      | Reached XP level 4. HP: 40/40 MP: 3/3
  1391 | D:2      | Found a glowing golden altar of the Shining One.
  1623 | D:3      | Reached skill level 5 in Unarmed Combat
  1782 | D:3      | Noticed an ogre
  1791 | D:3      | Killed an ogre
  1791 | D:3      | Reached XP level 5. HP: 47/47 MP: 4/4
  2138 | D:4      | Reached XP level 6. HP: 48/55 MP: 5/5
  2196 | D:4      | Reached skill level 5 in Fighting
  2548 | D:4      | Reached XP level 7. HP: 20/61 MP: 6/6
  2765 | D:4      | Noticed Sigmund
  2784 | D:4      | Killed Sigmund
  2784 | D:4      | Reached skill level 5 in Dodging
  2784 | D:4      | Reached skill level 6 in Unarmed Combat
  2999 | D:4      | Found a sparkling altar of Nemelex Xobeh.
  3063 | D:4      | Found a stormy altar of Qazlal.
  3074 | D:4      | Became a worshipper of Qazlal Stormbringer
  3074 | D:4      | Reached * piety under Qazlal
  3074 | D:4      | Reached ** piety under Qazlal
  3201 | D:5      | Entered Level 5 of the Dungeon
  3284 | D:5      | Reached XP level 8. HP: 61/70 MP: 7/7
  3411 | D:5      | Got a bloodstained dagger {vamp}
  3417 | D:5      | Identified the cursed +1 dagger "Akiale Zidul" {vamp, rC+ Str+4 Dex+3} (You took it off an orc wizard on level 5 of the Dungeon)
  3419 | D:5      | Noticed Pikel
  3422 | D:5      | Killed Pikel
  3422 | D:5      | Reached skill level 5 in Shields
  3447 | D:5      | Found Laeplot's Armour Shop.
  3683 | D:5      | Noticed Menkaure
  3689 | D:5      | Killed Menkaure
  3689 | D:5      | Reached skill level 7 in Unarmed Combat
  3735 | D:5      | Found Tealakom's Gadget Boutique.
  3812 | D:5      | Found Buidiuvi's Book Shoppe.
  4180 | D:6      | Reached XP level 9. HP: 79/79 MP: 8/8
  4589 | D:7      | Found a staircase to the Ecumenical Temple.
  4604 | Temple   | Entered the Ecumenical Temple
  4753 | D:7      | Reached skill level 8 in Unarmed Combat
  4962 | D:7      | Found a sacrificial altar of Ru.
  5402 | D:8      | Noticed Skwishie's ghost (novice FeMo)
  5410 | D:8      | Killed Skwishie's ghost
  5410 | D:8      | Reached skill level 9 in Unarmed Combat
  5426 | D:8      | Reached *** piety under Qazlal
  5469 | D:8      | Reached skill level 10 in Unarmed Combat
  5514 | D:8      | Reached skill level 11 in Unarmed Combat
  5518 | D:8      | HP: 4/80 [yak (12)]
  5869 | D:8      | Reached XP level 10. HP: 85/88 MP: 7/9
  5928 | D:8      | Found a blossoming altar of Fedhas.
  5965 | D:8      | Found a burning altar of Makhleb.
  5974 | D:8      | Found an ancient bone altar of Kikubaaqudgha.
  6035 | D:8      | Noticed Psyche
  6049 | D:8      | Killed Psyche
  6049 | D:8      | Reached skill level 12 in Unarmed Combat
  6278 | D:8      | Found Bine's Antique Weapon Emporium.
  6461 | D:8      | Reached skill level 1 in Armour
  6920 | D:9      | Reached skill level 1 in Invocations
  6992 | D:9      | Reached **** piety under Qazlal
  7668 | D:9      | Found a staircase to the Lair.
  7767 | D:10     | Entered Level 10 of the Dungeon
  8023 | D:10     | Found a staircase to the Orcish Mines.
  8213 | D:10     | Reached XP level 11. HP: 97/97 MP: 12/12
  8750 | Lair:1   | Entered Level 1 of the Lair of Beasts
  8782 | Lair:1   | Reached skill level 5 in Armour
  8830 | Lair:1   | Reached ***** piety under Qazlal
  8916 | Lair:1   | Noticed a four-headed hydra
  8925 | Lair:1   | Killed a four-headed hydra
  9109 | Lair:1   | Reached skill level 5 in Invocations
  9130 | Lair:1   | Reached skill level 10 in Fighting
  9219 | Lair:1   | Noticed Grum
  9236 | Lair:1   | Killed Grum
 10342 | Lair:3   | Found a dark tunnel.
 10353 | Volcano  | Entered a volcano
 10399 | Volcano  | Reached XP level 12. HP: 108/108 MP: 15/15
 10681 | Lair:3   | Got a polished mace
 10682 | Lair:3   | Identified the +8 mace of Circular Logic {flame, MP+9 SInv Stlth+} (You found it on level 3 of the Lair of Beasts)
 10844 | Lair:3   | Found a staircase to the Shoals.
 11501 | Lair:4   | Reached skill level 13 in Unarmed Combat
 11579 | Lair:4   | Reached ****** piety under Qazlal
 11832 | Lair:4   | Noticed a seven-headed hydra
 11842 | Lair:4   | Killed a seven-headed hydra
 12373 | Lair:4   | Reached skill level 10 in Dodging
 12648 | Lair:5   | Identified 2 scrolls of acquirement
 12654 | Lair:5   | Got a translucent brass ring
 12656 | Lair:5   | Identified the ring of Ohieza Azo {rC+ MR+ Str+3} (You acquired it on level 5 of the Lair of Beasts)
 12666 | Lair:5   | Learned a level 6 spell: Statue Form
 13522 | Lair:6   | Found a staircase to the Snake Pit.
 13678 | Lair:6   | Reached XP level 13. HP: 117/117 MP: 17/17
 14012 | Lair:6   | Got an ancient ruby amulet
 14167 | Lair:6   | Identified the amulet "Humnahus" {Inacc rPois SInv} (You found it on level 6 of the Lair of Beasts)
 14646 | Lair:7   | Noticed Josephine
 14668 | Lair:7   | Reached skill level 14 in Unarmed Combat
 14672 | Lair:7   | HP: 4/119 [Josephine/ghostly fireball (17)]
 14913 | Lair:7   | Reached skill level 10 in Shields
 14917 | Lair:7   | Killed Josephine
 15539 | Lair:8   | Entered Level 8 of the Lair of Beasts
 15674 | Lair:8   | Reached XP level 14. HP: 95/129 MP: 19/19
 15742 | Lair:8   | Found a staircase to the Slime Pits.
 15754 | Slime:1  | Entered Level 1 of the Pits of Slime
 15754 | Slime:1  | Noticed an azure jelly
 15765 | Slime:1  | Noticed an azure jelly
 15766 | Slime:1  | Gained mutation: Your body sometimes deteriorates upon taking damage. [a shining eye]
 15780 | Lair:8   | Killed an azure jelly
 15811 | Slime:1  | Gained mutation: You are robust (+10% HP). [a shining eye]
 15812 | Slime:1  | Gained mutation: You occasionally shout uncontrollably at your foes. [a shining eye]
 15826 | Lair:8   | Killed an azure jelly
 16455 | Lair:8   | Reached skill level 10 in Invocations
 16810 | Lair:8   | Got a steaming trident
 17134 | Lair:2   | Noticed Fannar
 17279 | Orc:1    | Entered Level 1 of the Orcish Mines
 17470 | Orc:1    | Noticed Erica
 17471 | Orc:1    | Noticed an orc warlord
 17535 | D:10     | Killed an orc warlord
 17623 | D:10     | Killed Erica
 18031 | Orc:2    | Entered Level 2 of the Orcish Mines
 18031 | Orc:2    | Found a staircase to the Elven Halls.
 18488 | Orc:2    | Noticed an orc warlord
 18509 | Orc:2    | Killed an orc warlord
 18605 | Orc:2    | Paralysed by an orc sorcerer for 5 turns
 18833 | Orc:2    | Reached skill level 15 in Shields
 18893 | Orc:2    | Found Imiacubb's Antique Armour Emporium.
 18893 | Orc:2    | Found Hogip's Antique Weapon Emporium.
 18898 | Orc:2    | Found Hutuy's General Store.
 18898 | Orc:2    | Found Lucoluet's Jewellery Shoppe.
 18913 | Orc:2    | Bought an ancient buckler for 237 gold pieces
 18953 | Orc:2    | Identified the cursed -2 buckler of the Komtur {+Inv Int+4 Dex-2} (You bought it in a shop on level 2 of the Orcish Mines)
 19394 | D:11     | Reached skill level 1 in Earth Magic
 19394 | D:11     | Reached XP level 15. HP: 148/148 MP: 21/21
 19996 | D:12     | Gained mutation: Scrolls take you a little longer to read. [mutagenic meat]
 19998 | D:12     | Gained mutation: Your mind is acute. (Int +2) [mutagenic meat]
 19999 | D:12     | Gained mutation: You have a pair of large horns on your head. [mutagenic meat]
 20039 | D:12     | Noticed Lovchig's ghost (journeyman MiFi)
 20063 | D:12     | Killed Lovchig's ghost
 20226 | D:12     | Learned a level 1 spell: Apportation
 20232 | D:12     | Learned a level 5 spell: Alistair's Intoxication
 20617 | D:13     | Noticed Snorg
 20618 | D:13     | Noticed Maud
 20631 | D:13     | Killed Snorg
 20650 | D:13     | Killed Maud
 21117 | D:13     | Reached skill level 15 in Unarmed Combat
 21183 | D:13     | Found a blossoming altar of Fedhas.
 21217 | D:13     | Found a gate to the Vaults.
 21479 | D:14     | Found a portal to a secret trove of treasure.
 21793 | D:5      | Bought a Grand Grimoire for 1214 gold pieces
 21983 | Lair:2   | Killed Fannar
 22249 | D:14     | You paid a toll of a Grand Grimoire to enter a treasure trove
 22250 | Trove    | Entered a treasure trove
 22255 | Trove    | Got a coiled bronze ring
 22266 | Trove    | Got a wavering lead amulet
 22272 | Trove    | Identified the ring "Kotsumatz" {+Blink +Inv rN+++ EV+4 Dex-4} (You found it in a treasure trove)
 22307 | Trove    | Got a translucent steel ring
 22309 | Trove    | Got a smoking iron ring
 22318 | Trove    | Got a crude ivory ring
 22321 | Trove    | Got a sparkling iron ring
 22342 | Trove    | Identified the cursed ring "Tayniatz" {EV-6 Str+2} (You found it in a treasure trove)
 22345 | Trove    | Identified the ring "Kocarr" {+Blink MR- Str+3 Int+3} (You found it in a treasure trove)
 22347 | Trove    | Identified the ring of the Butterfly {rPois MR++ Int+6 Dex+4 Slay-4} (You found it in a treasure trove)
 22349 | Trove    | Identified the ring "Guixaf" {rElec rN+ EV+3 Str-4 Dex+4} (You found it in a treasure trove)
 22366 | Trove    | Got a vibrating bronze ring
 22376 | Trove    | Got a crude jade amulet
 22400 | Trove    | Identified the ring of the Vendetta {Str+3 Slay+3} (You found it in a treasure trove)
 22402 | Trove    | Identified the amulet "Zoxtaej" {RegenMP +Fly Int+3} (You found it in a treasure trove)
 22409 | Trove    | Identified the amulet "Teeluaw" {Gourm *Confuse Slay+5} (You found it in a treasure trove)
 22830 | D:14     | Reached skill level 1 in Transmutations
 22875 | D:14     | Noticed a tengu reaver
 22887 | D:14     | Killed a tengu reaver
 23137 | D:14     | Lost mutation: Scrolls take you a little longer to read. [potion of cure mutation]
 23137 | D:14     | Lost mutation: You have a pair of large horns on your head. [potion of cure mutation]
 23137 | D:14     | Lost mutation: You occasionally shout uncontrollably at your foes. [potion of cure mutation]
 23137 | D:14     | Lost mutation: Your body sometimes deteriorates upon taking damage. [potion of cure mutation]
 23184 | D:15     | Entered Level 15 of the Dungeon
 23364 | D:15     | Found a roughly hewn altar of Beogh.
 23541 | D:15     | Gained mutation: Your flesh is cold resistant. [mutagenic meat]
 23844 | D:5      | Bought the +0 cloak "Dafriwur" {rElec rCorr Int-3 Dex+7} for 357 gold pieces
 24171 | D:15     | Reached XP level 16. HP: 161/161 MP: 23/23
 24982 | D:15     | Found a staircase to the Depths.
 25358 | Shoals:1 | Entered Level 1 of the Shoals
 25656 | Shoals:1 | Reached skill level 15 in Fighting
 26414 | Shoals:2 | Reached skill level 16 in Unarmed Combat
 26494 | Shoals:2 | Gained mutation: You have a pair of large horns on your head. [potion of mutation]
 26494 | Shoals:2 | Lost mutation: You have a pair of large horns on your head. [potion of mutation]
 26494 | Shoals:2 | Gained mutation: Your body sometimes deteriorates upon taking damage. [potion of mutation]
 27006 | Shoals:3 | Noticed a kraken
 27037 | Shoals:3 | Killed a kraken
 27272 | Shoals:3 | Reached skill level 5 in Transmutations
 27420 | Shoals:3 | Noticed a kraken
 27435 | Shoals:3 | Slain by a kraken

Skill      XL: |  1  2  3  4  5  6  7  8  9 10 11 12 13 14 15 16 |
---------------+-------------------------------------------------+-----
Fighting       | 4 5 6 7 9 10 11 13 14 15 | 15.4
Stealth        | 2 3 4 |  4.9
Shields        | 1 2 3 4 6 9 10 15 | 15.0
Dodging        | 4 5 6 7 9 10 11 | 11.9
Unarmed Combat | 5 6 7 11 12 13 14 15 16 | 16.2
Armour         | 4 6 |  6.2
Invocations    | 3 6 7 9 10 11 12 | 12.7
Earth Magic    | 1 4 |  4.0
Transmutations | 2 5 |  5.1

Action                   |  1- 3 |  4- 6 |  7- 9 | 10-12 | 13-15 | 16-18 || total
-------------------------+-------+-------+-------+-------+-------+-------++-------
Melee: Unarmed           |    89 |   123 |   213 |   887 |  1658 |   484 ||  3454
       Headbutt          |    21 |    18 |    67 |   227 |   560 |   205 ||  1098
       Punch             |       |     3 |    12 |     5 |       |       ||    20
       Dagger            |       |       |    74 |       |       |       ||    74
Throw: Throwing net      |       |       |       |       |       |     2 ||     2
Invok: Upheaval          |       |       |       |     5 |     6 |     3 ||    14
       Disaster Area     |       |       |       |       |     1 |       ||     1
       Elemental Force   |       |       |       |       |     6 |     1 ||     7
Evoke: Wand              |       |       |       |     5 |     8 |     5 ||    18
  Use: Scroll            |       |     1 |     4 |    28 |    10 |     6 ||    49
       Potion            |       |       |     3 |     2 |     5 |     2 ||    12
 Stab: Sleeping          |     3 |     3 |     2 |       |       |       ||     8
       Distracted        |       |       |       |       |     4 |       ||     4
  Eat: Chunk             |     1 |     4 |     9 |    18 |    41 |    12 ||    85
       Beef jerky        |       |       |     2 |       |       |       ||     2
       Royal jelly       |       |       |     1 |     3 |       |       ||     4
       Pizza             |       |       |     1 |     1 |     2 |       ||     4
Armor: Robe              |    10 |       |       |       |       |       ||    10
       Leather armour    |    13 |    30 |    52 |    13 |       |       ||   108
       Troll leather arm |       |       |       |    76 |   142 |    30 ||   248
       Skin              |       |       |       |    18 |       |       ||    18
Dodge: Dodged            |    62 |    94 |   170 |   250 |   502 |   175 ||  1253
       Deflected         |       |       |       |     9 |     6 |     2 ||    17
Block: Other             |       |       |    21 |    20 |       |       ||    41
       Buckler           |       |       |       |   172 |   245 |   381 ||   798
       Shield            |       |       |       |   262 |  1144 |       ||  1406
       Reflection        |       |       |       |     5 |    46 |    26 ||    77
